GCL
TORONTO (GCL) BLUE JAYS @ LAS VEGAS (GCL) HUSTLE
08/18/2098
 
TOP OF THE 1ST
Toronto (GCL) Blue Jays batting - Pitching for Las Vegas (GCL) Hustle : RHP Pedro Albarado
Pitching: RHP Pedro Albarado
Batting: SHB Bryant Johnson 0-0: Foul Ball, location: 2F
0-1: Swinging Strike
0-2: Ball
1-2: Foul Ball, location: 7LDF
1-2: Foul Ball, location: 23FF
1-2: Ball
2-2: Ground out 4-3 (Groundball, 4S, EV 86.9 MPH)
Batting: RHB Ryan Hill 0-0: Ball
1-0: Ball
2-0: Foul Ball, location: 2F
2-1: Foul Ball, location: 3F
2-2: Ball
3-2: Base on Balls
Batting: RHB Devon Phillips 0-0: Swinging Strike
0-1: Ball
Ryan Hill steals 2nd base
1-1: Ball
2-1: DOUBLE (Flyball, 8RXD, EV 91.3 MPH)
Ryan Hill scores
Batting: LHB Ryan Tribbett 0-0: DOUBLE (Flyball, 8LXD, EV 90.0 MPH)
Devon Phillips scores
Batting: RHB Kyle Cole 0-0: Foul Ball, location: 5F
0-1: Ball
1-1: SINGLE (Line Drive, 34D, EV 102.5 MPH)
Ryan Tribbett to third
Runner from 3rd tries for Home, SAFE, throw by RF to home
Batting: LHB Matt Barnes 0-0: Ball
1-0: Ball
2-0: Ball
3-0: Called Strike
3-1: Foul Ball, location: 7LMF
3-2: Base on Balls
Kyle Cole to second
Batting: RHB Adrian Evans 0-0: Called Strike
0-1: Foul Ball, location: 2F
0-2: Ball
1-2: Ball
2-2: Ball
3-2: Foul Ball, location: 9LSF
3-2: Grounds into double play, 4-6-3 (Groundball, 4, EV 83.1 MPH)
Top of the 1st over - 3 runs, 3 hits, 0 errors, 1 left on base; Toronto (GCL) 3 - Las Vegas (GCL) 0
BOTTOM OF THE 1ST
Las Vegas (GCL) Hustle batting - Pitching for Toronto (GCL) Blue Jays : LHP Victor Duron
Pitching: LHP Victor Duron
Batting: RHB Sergio Fuentes 0-0: Ground out 4-3 (Groundball, 4, EV 88.1 MPH)
Batting: RHB David Gutierrez 0-0: Ball
1-0: Swinging Strike
1-1: Ball
2-1: Foul Ball, location: 3F
2-2: Ground out 6-3 (Groundball, 6, EV 81.3 MPH)
Batting: LHB Juan Salomon 0-0: Ball
1-0: Ball
2-0: Fly out, F9 (Flyball, 9, EV 85.6 MPH)
Bottom of the 1st over - 0 runs, 0 hits, 0 errors, 0 left on base; Toronto (GCL) 3 - Las Vegas (GCL) 0
TOP OF THE 2ND
Toronto (GCL) Blue Jays batting - Pitching for Las Vegas (GCL) Hustle : RHP Pedro Albarado
Batting: LHB Alvaro Chairez 0-0: Called Strike
0-1: Foul Ball, location: 7LMF
0-2: Foul Ball, location: 2F
0-2: Fly out, F6 (Popup, 6MD, EV 61.9 MPH)
Batting: RHB Cherles Vinhs 0-0: Ball
1-0: Called Strike
1-1: Called Strike
1-2: Fly out, F7 (Flyball, 7LM, EV 89.4 MPH)
Batting: SHB Bryant Johnson 0-0: Ball
1-0: Foul Ball, location: 5F
1-1: Ball
2-1: Foul Ball, location: 3F
2-2: Ground out 3-1 (Groundball, 34S, EV 71.9 MPH)
Top of the 2nd over - 0 runs, 0 hits, 0 errors, 0 left on base; Toronto (GCL) 3 - Las Vegas (GCL) 0
BOTTOM OF THE 2ND
Las Vegas (GCL) Hustle batting - Pitching for Toronto (GCL) Blue Jays : LHP Victor Duron
Batting: RHB John Juelich 0-0: Called Strike
0-1: Called Strike
0-2: Strikes out swinging
Batting: RHB Danny Mena 0-0: Ground out 6-3 (Groundball, 6MS, EV 89.4 MPH)
Batting: RHB Keith Bracken 0-0: Reached on error, E5 (Groundball, 56, EV 83.1 MPH)
Batting: SHB Rodolfo Flores 0-0: Called Strike
0-1: SINGLE (Line Drive, 6M, EV 98.1 MPH)
Keith Bracken to second
Runner from 2nd tries for 3rd, SAFE, throw by CF made to third
Batting: RHB Jim Unknown 0-0: Called Strike
0-1: Called Strike
0-2: Strikes out looking
Bottom of the 2nd over - 0 runs, 1 hit, 1 error, 2 left on base; Toronto (GCL) 3 - Las Vegas (GCL) 0
TOP OF THE 3RD
Toronto (GCL) Blue Jays batting - Pitching for Las Vegas (GCL) Hustle : RHP Pedro Albarado
Batting: RHB Ryan Hill 0-0: Foul Ball, location: 5SF
0-1: Foul Ball, location: 9LSF
0-2: Foul Ball, location: 5SF
0-2: Strikes out swinging, 2-3 out at first.
Batting: RHB Devon Phillips 0-0: Foul Ball, location: 2F
0-1: Ball
1-1: Ball
2-1: Ball
3-1: Called Strike
3-2: Base on Balls
Batting: LHB Ryan Tribbett 0-0: Ball
1-0: SINGLE (Groundball, 34D, EV 110.6 MPH)
Devon Phillips to second
Runner from 2nd tries for 3rd, SAFE, throw by RF made to third
Batting: RHB Kyle Cole 0-0: Ball
1-0: Called Strike
1-1: Ball
2-1: Fly out, F9 (Flyball, 9D, EV 108.1 MPH)
Runner from 3rd tags up, SCORES, no throw by RF
Batting: LHB Matt Barnes 0-0: Ball
1-0: Called Strike
1-1: Ball
2-1: SINGLE (Line Drive, 89M, EV 93.1 MPH)
Ryan Tribbett to second
Runner from 2nd tries for 3rd, SAFE, throw by RF made to third
Batting: RHB Adrian Evans 0-0: Foul Ball, location: 9LMF
0-1: Foul Ball, location: 2F
0-2: Fielders Choice at 2nd, 5-4 (Groundball, 56, EV 101.3 MPH)
Top of the 3rd over - 1 run, 2 hits, 0 errors, 2 left on base; Toronto (GCL) 4 - Las Vegas (GCL) 0
BOTTOM OF THE 3RD
Las Vegas (GCL) Hustle batting - Pitching for Toronto (GCL) Blue Jays : LHP Victor Duron
Batting: SHB Marco Chapa 0-0: Fly out, F8 (Flyball, 8RD, EV 86.3 MPH)
Batting: RHB Sergio Fuentes 0-0: Ball
1-0: Ground out 6-3 (Groundball, 6, EV 105.6 MPH)
Batting: RHB David Gutierrez 0-0: Ball
1-0: Called Strike
1-1: Foul Ball, location: 2F
1-2: Foul Ball, location: 5F
1-2: Ground out 5-3 (Groundball, 5, EV 84.4 MPH)
Bottom of the 3rd over - 0 runs, 0 hits, 0 errors, 0 left on base; Toronto (GCL) 4 - Las Vegas (GCL) 0
TOP OF THE 4TH
Toronto (GCL) Blue Jays batting - Pitching for Las Vegas (GCL) Hustle : RHP Pedro Albarado
Batting: LHB Alvaro Chairez 0-0: SINGLE (Groundball, 6D, EV 101.3 MPH)
Batting: RHB Cherles Vinhs 0-0: Swinging Strike
0-1: Grounds into double play, 4-6-3 (Groundball, 4, EV 85.0 MPH)
Batting: SHB Bryant Johnson 0-0: Ball
1-0: Ball
2-0: Called Strike
2-1: Swinging Strike
2-2: Strikes out swinging
Top of the 4th over - 0 runs, 1 hit, 0 errors, 0 left on base; Toronto (GCL) 4 - Las Vegas (GCL) 0
BOTTOM OF THE 4TH
Las Vegas (GCL) Hustle batting - Pitching for Toronto (GCL) Blue Jays : LHP Victor Duron
Batting: LHB Juan Salomon 0-0: Foul Ball, location: 7LDF
0-1: Called Strike
0-2: Fly out, F9 (Flyball, 9D, EV 87.5 MPH)
Batting: RHB John Juelich 0-0: Swinging Strike
0-1: Ground out 3-1 (Groundball, 34, EV 108.1 MPH)
Batting: RHB Danny Mena 0-0: Called Strike
0-1: Ball
1-1: Swinging Strike
1-2: SINGLE (Groundball, 5D, EV 100.6 MPH)
Batting: RHB Keith Bracken 0-0: Swinging Strike
0-1: SINGLE (Groundball, 6M, EV 99.4 MPH) (infield hit)
Danny Mena to second
Pitching: RHP Ryan Masterson
Batting: SHB Rodolfo Flores 0-0: Fielders Choice at 2nd, 6-4 (Groundball, 6, EV 83.1 MPH)
Bottom of the 4th over - 0 runs, 2 hits, 0 errors, 2 left on base; Toronto (GCL) 4 - Las Vegas (GCL) 0
TOP OF THE 5TH
Toronto (GCL) Blue Jays batting - Pitching for Las Vegas (GCL) Hustle : RHP Pedro Albarado
Batting: RHB Ryan Hill 0-0: DOUBLE (Flyball, 8LXD, EV 107.5 MPH)
Batting: RHB Devon Phillips 0-0: Ball
1-0: Called Strike
1-1: Called Strike
1-2: Ball
2-2: Ball
3-2: Fly out, F8 (Flyball, 8LD, EV 110.0 MPH)
Batting: LHB Ryan Tribbett 0-0: Hit by Pitch
Batting: RHB Kyle Cole 0-0: Called Strike
0-1: Foul Ball, location: 7LSF
0-2: Strikes out swinging
Pitching: RHP Rodney Aldridge
Batting: LHB Matt Barnes 0-0: Called Strike
0-1: Ball
1-1: Foul Ball, location: 2F
1-2: Foul Ball, location: 23F
1-2: 3-RUN HOME RUN (Flyball, 89XD, EV 100.6 MPH), Distance : 397 ft
Batting: RHB Adrian Evans 0-0: Fly out, F8 (Flyball, 8LD, EV 100.0 MPH)
Top of the 5th over - 3 runs, 2 hits, 0 errors, 0 left on base; Toronto (GCL) 7 - Las Vegas (GCL) 0
BOTTOM OF THE 5TH
Las Vegas (GCL) Hustle batting - Pitching for Toronto (GCL) Blue Jays : RHP Ryan Masterson
Batting: RHB Jim Unknown 0-0: Ball
1-0: Swinging Strike
1-1: Ball
2-1: Ball
3-1: Fly out, F7 (Flyball, 78D, EV 98.1 MPH)
Batting: SHB Marco Chapa 0-0: Ball
1-0: SINGLE (Line Drive, 89S, EV 104.4 MPH)
Batting: RHB Sergio Fuentes 0-0: Swinging Strike
0-1: Ball
1-1: Foul Ball, location: 25FF
1-2: Strikes out looking
Batting: RHB David Gutierrez 0-0: Ball
1-0: SINGLE (Line Drive, 9LS, EV 97.5 MPH)
Marco Chapa to second
Runner from 2nd tries for 3rd, SAFE, throw by RF made to third
Batting: LHB Juan Salomon 0-0: Ball
1-0: Foul Ball, location: 5F
1-1: Called Strike
1-2: Ball
Wild Pitch!
Marco Chapa scores
David Gutierrez to second
2-2: Foul Ball, location: 7LSF
2-2: Strikes out swinging
Bottom of the 5th over - 1 run, 2 hits, 0 errors, 1 left on base; Toronto (GCL) 7 - Las Vegas (GCL) 1
TOP OF THE 6TH
Toronto (GCL) Blue Jays batting - Pitching for Las Vegas (GCL) Hustle : RHP Rodney Aldridge
Batting: LHB Alvaro Chairez 0-0: Foul Ball, location: 2F
0-1: Swinging Strike
0-2: Ball
1-2: Ball
2-2: Foul Ball, location: 2F
2-2: Ball
3-2: Strikes out swinging
Batting: RHB Cherles Vinhs 0-0: Ball
1-0: Swinging Strike
1-1: Called Strike
1-2: Strikes out swinging
Batting: SHB Bryant Johnson 0-0: Ball
1-0: Called Strike
1-1: Ball
2-1: SINGLE (Groundball, 56S, EV 74.4 MPH) (infield hit)
Batting: RHB Ryan Hill 0-0: Ball
1-0: Foul Ball, location: 25F
1-1: Foul Ball, location: 25F
1-2: Strikes out swinging
Top of the 6th over - 0 runs, 1 hit, 0 errors, 1 left on base; Toronto (GCL) 7 - Las Vegas (GCL) 1
BOTTOM OF THE 6TH
Las Vegas (GCL) Hustle batting - Pitching for Toronto (GCL) Blue Jays : RHP Ryan Masterson
Batting: RHB Jim Unknown 0-0: Ball
1-0: Ground out 4-3 (Groundball, 4, EV 86.9 MPH)
Batting: RHB Danny Mena 0-0: Called Strike
0-1: Foul Ball, location: 5F
0-2: Strikes out swinging
Batting: RHB Keith Bracken 0-0: Called Strike
0-1: Foul Ball, location: 2LF, Error on foul ball, E2
0-2: Fly out, F8 (Flyball, 8LM, EV 85.0 MPH)
Bottom of the 6th over - 0 runs, 0 hits, 1 error, 0 left on base; Toronto (GCL) 7 - Las Vegas (GCL) 1
TOP OF THE 7TH
Toronto (GCL) Blue Jays batting - Pitching for Las Vegas (GCL) Hustle : RHP Rodney Aldridge
Batting: RHB Devon Phillips 0-0: Hit by Pitch
Batting: LHB Ryan Tribbett 0-0: Ball
1-0: Grounds into double play, 4-6-3 (Groundball, 4, EV 103.1 MPH)
Batting: RHB Kyle Cole 0-0: Ball
1-0: Foul Ball, location: 2LF
1-1: Called Strike
1-2: Ball
2-2: Foul Ball, location: 9LSF
2-2: SINGLE (Flyball, 8RS, EV 87.5 MPH)
Batting: LHB Matt Barnes 0-0: Ball
1-0: SINGLE (Line Drive, 9S, EV 108.1 MPH)
Kyle Cole to second
Batting: RHB Adrian Evans 0-0: Ball
1-0: Ball
2-0: DOUBLE (Line Drive, 7LM, EV 110.6 MPH)
Kyle Cole scores
Matt Barnes to third
Batting: LHB Alvaro Chairez 0-0: Ball
1-0: Swinging Strike
1-1: Foul Ball, location: 2LF
1-2: Strikes out looking
Top of the 7th over - 1 run, 3 hits, 0 errors, 2 left on base; Toronto (GCL) 8 - Las Vegas (GCL) 1
BOTTOM OF THE 7TH
Las Vegas (GCL) Hustle batting - Pitching for Toronto (GCL) Blue Jays : RHP Ryan Masterson
Batting: SHB Rodolfo Flores 0-0: Ball
1-0: Ball
2-0: Called Strike
2-1: Ball
3-1: Foul Ball, location: 7LSF
3-2: Foul Ball, location: 2F
3-2: Base on Balls
Batting: RHB Jim Unknown 0-0: Ball
1-0: Ball
2-0: Ball
3-0: Called Strike
3-1: Called Strike
3-2: SINGLE (Groundball, 6MD, EV 102.5 MPH)
Rodolfo Flores to second
Pinch Hitting: SHB Jim Unknown 0-0: Ball
1-0: Ball
2-0: Foul Ball, location: 3DF
2-1: Ball
3-1: Base on Balls
Rodolfo Flores to third
Jim Unknown to second
Batting: RHB Sergio Fuentes 0-0: Called Strike
0-1: Ball
1-1: Foul Ball, location: 23F
1-2: Strikes out swinging
Pitching: RHP Willie Gamez
Batting: RHB David Gutierrez 0-0: Ball
1-0: DOUBLE (Flyball, 8RXD, EV 111.3 MPH)
Rodolfo Flores scores
Jim Unknown scores
Jim Unknown to third
Runner from 3rd tries for Home, SAFE, throw by CF to trailing runner, OUT at third! 8-3-5
Batting: LHB Juan Salomon 0-0: Called Strike
0-1: Swinging Strike
0-2: Strikes out swinging
Bottom of the 7th over - 3 runs, 2 hits, 0 errors, 0 left on base; Toronto (GCL) 8 - Las Vegas (GCL) 4
TOP OF THE 8TH
Toronto (GCL) Blue Jays batting - Pitching for Las Vegas (GCL) Hustle : RHP Rodney Aldridge
Pitching: RHP Fernando Velez
Now at 1B: Brian Andrews
Batting: RHB Cherles Vinhs 0-0: Ball
1-0: Called Strike
1-1: Fly out, F7 (Flyball, 78S, EV 90.0 MPH)
Batting: SHB Bryant Johnson 0-0: Ball
1-0: Called Strike
1-1: Ball
2-1: Called Strike
2-2: Strikes out swinging
Batting: RHB Ryan Hill 0-0: Swinging Strike
0-1: Ball
1-1: SINGLE (Groundball, 6, EV 76.3 MPH)
Batting: RHB Devon Phillips 0-0: Ball
1-0: Ball
Wild Pitch!
Ryan Hill to second
2-0: Foul Ball, location: 2F
2-1: Foul Ball, location: 2RF
2-2: Foul Ball, location: 7LSF
2-2: Fly out, F4 (Popup, 13, EV 86.9 MPH)
Top of the 8th over - 0 runs, 1 hit, 0 errors, 1 left on base; Toronto (GCL) 8 - Las Vegas (GCL) 4
BOTTOM OF THE 8TH
Las Vegas (GCL) Hustle batting - Pitching for Toronto (GCL) Blue Jays : RHP Willie Gamez
Batting: RHB Jim Unknown 0-0: Called Strike
0-1: Swinging Strike
0-2: Fly out, F3 (Popup, 3SF, EV 81.3 MPH)
Batting: RHB Danny Mena 0-0: Called Strike
0-1: Foul Ball, location: 2F
0-2: Ball
1-2: Strikes out swinging
Batting: RHB Keith Bracken 0-0: Called Strike
0-1: Ball
1-1: SINGLE (Groundball, 6S, EV 89.4 MPH)
Batting: SHB Rodolfo Flores 0-0: Swinging Strike
0-1: Called Strike
0-2: Strikes out looking
Bottom of the 8th over - 0 runs, 1 hit, 0 errors, 1 left on base; Toronto (GCL) 8 - Las Vegas (GCL) 4
TOP OF THE 9TH
Toronto (GCL) Blue Jays batting - Pitching for Las Vegas (GCL) Hustle : RHP Fernando Velez
Batting: LHB Ryan Tribbett 0-0: Called Strike
0-1: Fly out, F7 (Flyball, 7D, EV 108.1 MPH)
Batting: RHB Kyle Cole 0-0: Fly out, F6 (Popup, 6, EV 70.0 MPH)
Batting: LHB Matt Barnes 0-0: Foul Ball, location: 7LSF
0-1: Foul Ball, location: 2RF
0-2: Ball
1-2: SINGLE (Line Drive, 8LS, EV 93.8 MPH)
Batting: RHB Adrian Evans 0-0: Ball
1-0: Called Strike
1-1: Ball
2-1: Fly out, F8 (Flyball, 8RM, EV 95.6 MPH)
Top of the 9th over - 0 runs, 1 hit, 0 errors, 1 left on base; Toronto (GCL) 8 - Las Vegas (GCL) 4
BOTTOM OF THE 9TH
Las Vegas (GCL) Hustle batting - Pitching for Toronto (GCL) Blue Jays : RHP Willie Gamez
Batting: RHB Jim Unknown 0-0: Ball
1-0: Called Strike
1-1: Foul Ball, location: 23F
1-2: Foul Ball, location: 2RF
1-2: Ball
2-2: Ball
3-2: Base on Balls
Batting: RHB Brian Andrews 0-0: Called Strike
0-1: Foul Ball, location: 23FF
0-2: Ball
1-2: Ball
2-2: 2-RUN HOME RUN (Flyball, 7D, EV 98.1 MPH), Distance : 386 ft
Batting: RHB Sergio Fuentes 0-0: Ball
1-0: TRIPLE (Flyball, 78XD, EV 97.5 MPH)
Batting: RHB David Gutierrez 0-0: Ball
1-0: Foul Ball, location: 2F
1-1: Foul Ball, location: 2F
1-2: Strikes out swinging
Pitching: RHP Edwin Perez
Now at 1B: Cory Jackson
Batting: LHB Juan Salomon 0-0: Fly out, F3 (Line Drive, 3L, EV 72.5 MPH)
Batting: RHB Jim Unknown 0-0: SINGLE (Flyball, 5D, EV 96.9 MPH)
Sergio Fuentes scores
Batting: RHB Danny Mena 0-0: Foul Ball, location: 2F
0-1: Ground out 4-3 (Groundball, 3, EV 85.0 MPH)
Bottom of the 9th over - 3 runs, 3 hits, 0 errors, 1 left on base; Toronto (GCL) 8 - Las Vegas (GCL) 7
Friday, April 12th , 2024 - OOTP Baseball 24.11 Build 85